 Dungeon Crawl Stone Soup version 0.28-a0-1038-g9c4cb8273d (webtiles) character file.

Game seed: 9951823783388927545

4506 olmar the Basher (level 10, -5/61 HPs)
             Began as a Gargoyle Fighter on Dec 9, 2021.
             Was an Initiate of Makhleb.
             Collided with a rock wall (13 damage)
             ... caused by a wretched star
             ... on level 2 of the Abyss.
             The game lasted 00:13:44 (12038 turns).

olmar the Basher (Gargoyle Fighter)                Turns: 12038, Time: 00:13:44

Health: -5/61      AC: 16    Str: 19 (20) XL:     10   Next: 39%
Magic:  10/10      EV: 14    Int:  5      God:    Makhleb [......]
Gold:   319        SH:  4    Dex:  5      Spells: 9/9 levels left

rFire   . . .      SeeInvis .   a - +0 flail
rCold   . . .      Faith    .   c - +0 buckler
rNeg    + . .      Spirit   .   b - +0 scale mail
rPois   ∞          Reflect  .   (no helmet)
rElec   +          Harm     .   (no cloak)
rCorr   .          Rampage  .   y - +0 pair of gloves
Will    +....                   (no boots)
Stlth   ..........              r - amulet of the acrobat
HPRegen 0.20/turn               t - ring of willpower
MPRegen 0.12/turn               d - +4 ring of evasion

@: unable to read
A: sickness immunity, AC +7, negative energy resistance 1, electricity
resistance, torment resistance 1, petrification resistance, [clumsy 2],
[deterioration 2], [dopey 2], [screaming 2], [weak 2], [no potion heal 2],
[inability to read while threatened]
a: Renounce Religion


You were on level 2 of the Abyss.
You worshipped Makhleb.
Makhleb was noncommittal.
You visited 2 branches of the dungeon, and saw 10 of its levels.
You visited the Abyss 1 time.

You collected 556 gold pieces.
You spent 237 gold pieces at shops.

Inventory:

Hand Weapons
 a - a +0 flail (weapon)
 k - a +0 morningstar
Armour
 b - a +0 scale mail (worn)
 c - a +0 buckler (worn)
 x - the +0 cloak of Eternal Vigilance {*Slow Will+ Int+2 Stlth+}
   (You bought it in a shop on level 4 of the Dungeon)

   Int:       It affects your intelligence (+2).
   *Slow:     It may slow you when you take damage.
   Will:      It increases your willpower.
   Stlth:     It makes you more stealthy.
 y - a +0 pair of gloves (worn)
Jewellery
 d - a +4 ring of evasion (right hand)
 r - an amulet of the acrobat (around neck)
 t - a ring of willpower (left hand)
Wands
 p - a wand of polymorph (6)
Scrolls
 f - 2 scrolls of blinking
 h - a scroll of enchant weapon
 i - a scroll of summoning
 j - 5 scrolls of vulnerability
 m - 2 scrolls of amnesia
 o - 2 scrolls of teleportation
 q - a scroll of silence
 u - a scroll of magic mapping {unknown}
 v - 3 scrolls of enchant armour {unknown}
Potions
 e - a potion of attraction
 l - 2 potions of cancellation
 n - a potion of mutation
 s - a potion of haste
 w - a potion of invisibility
 z - 2 potions of curing
 A - a potion of degeneration


   Skills:
 + Level 6.9 Fighting
 + Level 10.0 Maces & Flails
 + Level 8.1 Armour
 - Level 3.2 Dodging
 - Level 2.1 Stealth
 - Level 6.5 Shields
 - Level 0.8 Evocations


You had 9 spell levels left.
You didn't know any spells.
Your spell library contained the following spells:

 Spells                   Type           Power      Damage    Failure   Level
 Animate Skeleton         Necr           0%         N/A       80%         1
 Apportation              Tloc           0%         N/A       80%         1
 Summon Small Mammal      Summ           0%         N/A       80%         1
 Corpse Rot               Necr/Air       0%         N/A       91%         2
 Poisonous Vapours        Pois/Air       0%         N/A       91%         2
 Gell's Gravitas          Tloc           0%         N/A       99%         3
 Ignite Poison            Fire/Tmut/Pois 0%         N/A       99%         3
 Lesser Beckoning         Tloc           0%         N/A       99%         3
 Mephitic Cloud           Conj/Pois/Air  0%         N/A       99%         3
 Teleport Other           Tloc           0%         N/A       99%         3
 Freezing Cloud           Conj/Ice/Air   0%         6-21      100%        5


Dungeon Overview and Level Annotations

Branches:
Dungeon (9/15)             Temple (1/1) D:7            Lair (0/6) D:8
    Orc: D:9-12

Altars:
Ashenzari
Cheibriados
Dithmenos
Elyvilon
Fedhas
Hepliaklqana
Kikubaaqudgha
Makhleb
Nemelex Xobeh
Okawaru
Qazlal
Sif Muna
Uskayaw
Vehumet
Yredelemnul
Zin
The Shining One

Shops:
D:1 (   D:4 *


Innate Abilities, Weirdness & Mutations

You are immune to sickness and miasma.
Your stone body is resilient. (AC +7)
You are immune to poison.
You resist negative energy. (rN+)
You are resistant to electric shocks. (rElec)
You are resistant to unholy torment.
You are immune to petrification.
[You are very clumsy. (Dex -4)]
[Your body often deteriorates upon taking damage.]
[You are very dopey. (Int -4)]
[You frequently scream uncontrollably at your foes.]
[You are very weak. (Str -4)]
[Potions cannot restore your health.]
[You sometimes lose the ability to read scrolls when taking damage.]


Message History

The wretched star glows turbulently.
The lance of force hits you.
You are knocked back by the lance of force.
You slam into the rock wall!
* * * LOW HITPOINT WARNING * * *
Your body deteriorates!
You feel weakened.
Unknown command.
You have no ailments to cure.
You barely miss the wretched star.
The wretched star is severely damaged.
Unknown command.
You barely miss the wretched star.
The wretched star is severely damaged.
Unknown command.
You closely miss the wretched star.
The wretched star is severely damaged.
Unknown command.
Unknown command.
You hit the wretched star.
The wretched star is almost destroyed.
The wretched star glows turbulently.
The lance of force misses you.
Unknown command.
You have no ailments to cure.
You hit the wretched star but do no damage.
The wretched star is almost destroyed.
The wretched star glows turbulently.
The lance of force misses you.
Unknown command.
Unknown command.
You thump the wretched star!
The wretched star is almost destroyed.
You can read scrolls again.
The wretched star glows turbulently.
The lance of force hits you!
You feel threatened and lose the ability to read scrolls!
* * * LOW HITPOINT WARNING * * *
You are knocked back by the lance of force.
You slam into the rock wall!
You die...

. ###+#....#
.. ....# .
.....# .. ..
##..####### .
.
..#...#.....#
....
..#.........#
##
##..*......'.
. #.
#........#...
#...@......#
############


You could see a wretched star.

Vanquished Creatures
  A komodo dragon (D:8)
  Sigmund (D:6)
  A wyvern (D:9)
  2 steam dragons
  3 vampire mosquitoes (D:8)
  A warg (D:5)
  A floating eye (D:8)
  3 water moccasins
  An ice beast (D:5)
  An orc warrior (D:7)
  A sky beast (D:7)
  3 black bears
  2 necrophages
  3 ogres
  2 centaurs
  A phantom (D:5)
  3 bullfrogs
  2 scorpions
  A water moccasin zombie (D:5)
  A wyvern skeleton (D:6)
  4 killer bees
  3 wights (D:6)
  A jelly (D:5)
  3 howler monkeys
  A centaur zombie (D:8)
  4 hounds
  A centaur skeleton (D:7)
  3 orc priests
  3 iguanas
  6 orc wizards
  A killer bee zombie (D:7)
  A howler monkey skeleton (D:5)
  6 gnolls
  5 adders
  2 shadow imps
  A white imp (D:6)
  3 ufetubi
  An adder skeleton (D:4)
  2 worms
  3 dart slugs
  23 orcs
  6 ball pythons
  11 endoplasms
  6 giant cockroaches
  8 goblins
  7 hobgoblins
  2 jackals (D:2)
  2 kobolds
  2 quokkas (D:3)
  2 bats
  6 frilled lizards
  5 rats
168 creatures vanquished.

Vanquished Creatures (others)
  3 plants (D:8)
3 creatures vanquished.

Grand Total: 171 creatures vanquished

Notes
Turn   | Place    | Note
-------+----------+-------------------------------------------
     0 | D:1      | olmar the Gargoyle Fighter began the quest for the Orb.
     0 | D:1      | Reached XP level 1. HP: 14/14 MP: 1/1
    57 | D:1      | Reached XP level 2. HP: 16/19 MP: 2/2
   265 | D:1      | Found a faded altar of an unknown god.
   448 | D:1      | Found Jitua's Antique Weapon Boutique.
  1278 | D:2      | Reached XP level 3. HP: 24/24 MP: 3/3
  1639 | D:2      | Found a stormy altar of Qazlal.
  2283 | D:3      | Reached XP level 4. HP: 16/29 MP: 4/4
  2513 | D:3      | Reached skill level 3 in Maces & Flails
  2690 | D:3      | Reached XP level 5. HP: 22/33 MP: 5/5
  3774 | D:4      | Reached skill level 4 in Maces & Flails
  3774 | D:4      | Reached XP level 6. HP: 33/38 MP: 6/6
  4135 | D:4      | Noticed a necrophage
  4146 | D:4      | Killed a necrophage
  4450 | D:4      | Reached skill level 1 in Dodging
  4944 | D:4      | Reached skill level 5 in Armour
  5075 | D:4      | Reached XP level 7. HP: 7/44 MP: 7/7
  5342 | D:4      | Found Atoups's Assorted Antiques.
  5617 | D:5      | Entered Level 5 of the Dungeon
  5659 | D:5      | Reached skill level 5 in Maces & Flails
  5872 | D:5      | Reached XP level 8. HP: 40/48 MP: 8/8
  6107 | D:5      | Reached skill level 6 in Maces & Flails
  6342 | D:5      | Reached skill level 5 in Shields
  6934 | D:6      | Reached skill level 5 in Fighting
  7504 | D:6      | Reached skill level 7 in Maces & Flails
  7711 | D:6      | Reached XP level 9. HP: 38/54 MP: 9/9
  7915 | D:6      | HP: 1/54 [ogre (6)]
  8336 | D:6      | Found a stormy altar of Qazlal.
  8352 | D:6      | Noticed Sigmund
  8358 | D:6      | Reached skill level 1 in Stealth
  8381 | D:6      | Killed Sigmund
  8809 | D:7      | Found a staircase to the Ecumenical Temple.
  8829 | D:7      | Found a sparkling altar of Nemelex Xobeh.
  8844 | Temple   | Entered the Ecumenical Temple
  9157 | D:7      | Reached skill level 8 in Maces & Flails
  9254 | D:7      | Found a shadowy altar of Dithmenos.
  9503 | D:4      | Bought a slimy cloak for 237 gold pieces
  9503 | D:4      | Identified the +0 cloak of Eternal Vigilance {*Slow Will+
                  | Int+2 Stlth+} (You bought it in a shop on level 4 of the
                  | Dungeon)
 10392 | D:8      | Reached skill level 9 in Maces & Flails
 10473 | D:8      | Reached XP level 10. HP: 43/61 MP: 10/10
 10510 | D:8      | Noticed a two-headed ogre
 10514 | D:8      | a two-headed ogre changed into a floating eye
 10515 | D:8      | Paralysed by a floating eye for 2 turns
 10922 | D:8      | Found a staircase to the Lair.
 11882 | D:9      | Found a burning altar of Makhleb.
 11899 | D:9      | Became a worshipper of Makhleb the Destroyer
 11907 | D:9      | Reached skill level 10 in Maces & Flails
 11932 | D:9      | Cast into level 1 of the Abyss (gnoll sergeant)
 12008 | Abyss:2  | Noticed a wretched star
 12038 | Abyss:2  | Collided with a rock wall

Illustrated notes

Levels and vault maps discovered:
D:1:      scummos_arrival_forest, layout_loops_cross, serial_shops,
          nicolae_shop_window_shopping, hellmonk_ecumenical_altar_crossroads,
          columned_hall_lemuel, minmay_misc_feat_rows, dk_noncrumbling_2
D:2:      layout_basic, basic_altar, minivault_26,
          corexii_item_surrounded_by_moat
D:3:      layout_basic, minmay_misc_feat_doors
D:4:      layout_cave_pods, serial_column_ruins, column_ruins_grid_3,
          column_ruins_columns_water, column_ruins_columns_corner, serial_shops,
          nicolae_shop_hallway_stairs, hangedman_abyss_or_decor_jellyfish_corner
D:5:      layout_gridville
D:6:      layout_rooms, nicolae_qazlal_general_emergency, serial_curves,
          eino_curves_02, eino_curves_04, hangedman_decor_lopped,
          lemuel_flamethrower_2, uniq_sigmund
D:7:      layout_cave_pods, mainiacjoe_overflow_small_starburst,
          lemuel_round_altar, minmay_temple_entry_statues, eino_curves_03
D:8:      layout_gridville, david_lair_shrubbed, minmay_tree_intersection
D:9:      layout_long_grid, minmay_overflow_temple_star_quad,
          mainiacjoe_overflow_paths
Temple:   cyrus_circular_temple
Abyss:2:  base: D:5, hangedman_relentless_pull

Skill      XL: |  1  2  3  4  5  6  7  8  9 10 |
---------------+-------------------------------+-----
Maces & Flails | 3 4 5 7 9 10 | 10.0
Armour         | 4 5 6 7 8 |  8.1
Fighting       | 4 5 6 |  6.9
Dodging        | 2 3 |  3.2
Shields        | 4 5 6 |  6.5
Stealth        | 2 |  2.1
Evocations     | |  0.8

Action                   |  1- 3 |  4- 6 |  7- 9 | 10-12 || total
-------------------------+-------+-------+-------+-------++-------
Melee: Flail             |   133 |   224 |   403 |   123 ||   883
Evoke: Wand              |       |     1 |    15 |     2 ||    18
  Use: Potion            |       |     1 |     6 |       ||     7
       Scroll            |       |       |    10 |     4 ||    14
 Stab: Paralysed         |       |       |    12 |       ||    12
Armor: Scale mail        |    79 |   158 |   259 |    51 ||   547
Dodge: Dodged            |    87 |   136 |   233 |    58 ||   514
Block: Buckler           |    29 |    54 |   111 |    25 ||   219

Table legend: (Time is in decaauts)
 A = Elapsed time spent in this place.
 B = Non-inter-level travel time spent in this place.
 C = Inter-level travel time spent in this place.
 D = Time resting spent in this place.
 E = Time spent auto-exploring this place.
 F = Levels seen in this place.
 G = Mean time per level.
                   A        B        C        D        E       F      G
               +--------+--------+--------+--------+--------+-----+--------+
         Total |  12128 |  11666 |    462 |   2292 |   7486 |  12 | 1010.7 |
       Dungeon |  11957 |  11518 |    439 |   2292 |   7417 |   9 | 1328.6 |
        Temple |     67 |     44 |     23 |      0 |     34 |   1 |   67.0 |
         Abyss |    103 |    103 |      0 |      0 |     35 |   2 |   51.5 |
               +--------+--------+--------+--------+--------+-----+--------+

Top non-repeatable levels by time:
     D:4: 1860 daAuts
     D:7: 1844 daAuts
     D:3: 1597 daAuts
     D:5: 1552 daAuts
     D:8: 1303 daAuts
     D:2: 1292 daAuts
     D:6: 1241 daAuts
     D:1: 966 daAuts
     D:9: 298 daAuts
  Temple: 67 daAuts
 Abyss:2: 56 daAuts
 Abyss:1: 46 daAuts
